 Dungeon Crawl Stone Soup version 0.30-b1-2-g02819fbbbe (webtiles) character file.

Game seed: 10824414422926891077

50 lucassayen the Grave Robber (level 3, 0/25 HPs)
             Began as a Vampire Necromancer on June 13, 2023.
             Slain by a quasit (2 damage)
             ... on level 3 of the Dungeon.
             The game lasted 00:25:25 (1394 turns).

lucassayen the Grave Robber (Vampire Necromancer)   Turns: 1394, Time: 00:25:25

Health: 0/25       AC:  2    Str:  7      XL:     3   Next: 55%
Magic:  6/6        EV: 12    Int: 19      God:
Gold:   106        SH:  0    Dex: 11 (14) Spells: 6/7 levels left

rFire   . . .        d - +0 hand axe (freeze)
rCold   . . .        (no shield)
rNeg    . . .        a - +0 robe
rPois   .            (no helmet)
rElec   .            (no cloak)
rCorr   .            (no gloves)
SInv    +            (no boots)
Will    .....        (no amulet)
Stlth   ++           (no ring)
HPRegen 0.44/turn    (no ring)
MPRegen 0.10/turn

%: no passive effects
@: healing quickly
A: alive, fangs 3, see invisible, vampiric 2
a: Exsanguinate


You were on level 3 of the Dungeon.
You visited 1 branch of the dungeon, and saw 4 of its levels.

You collected 106 gold pieces.

Inventory:

Hand Weapons
 c - a +0 dagger
 d - a +0 hand axe of freezing (weapon)
 e - a +0 mace
Armour
 a - a +0 robe (worn)
 f - a +3 leather armour of poison resistance
 h - a +0 leather armour
Scrolls
 g - a scroll of silence {unknown}
 j - a scroll of blinking {unknown}
Potions
 b - a potion of magic
 i - a potion of haste {unknown}
 k - a potion of lignification {unknown}


   Skills:
 + Level 0.4 Fighting
 + Level 0.2 Short Blades
 + Level 0.1 Axes
 + Level 2.5 Dodging
 + Level 3.1 Stealth
 + Level 2.5 Spellcasting
 + Level 5.1 Necromancy


You had 6 spell levels left.
You knew the following spells:

 Your Spells              Type           Power      Damage    Failure   Level
a - Necrotise             Necr           88%        1d8       1%          1

Your spell library contained the following spells:

 Spells                   Type           Power      Damage    Failure   Level
 Vampiric Draining        Necr           22%        2d7       6%          3
 Animate Dead             Necr           22%        N/A       19%         4
 Agony                    Necr           22%        N/A       47%         5


Dungeon Overview and Level Annotations

Branches:
Dungeon (4/15)
 Temple: D:4-7

Altars:


Innate Abilities, Weirdness & Mutations

Your natural rate of healing is accelerated.
You have razor-sharp teeth.
You have supernaturally acute eyesight. (SInv)
You are afflicted with vampirism and can become a bat while bloodless.


Message History

The quasit claws you. The ufetubus barely misses you. The ufetubus hits you.
* * * LOW HITPOINT WARNING * * *
You are too injured to fight recklessly!
The ufetubus closely misses you. The ufetubus hits you.
* * * LOW HITPOINT WARNING * * *
The quasit barely misses you. x3
The quasit attacks as you move away! The quasit barely misses you.
The quasit claws you but does no damage. x2
The quasit attacks as you move away! The quasit bites you.
* * * LOW HITPOINT WARNING * * *
The quasit claws you but does no damage.
The quasit barely misses you. The ufetubus hits you.
* * * LOW HITPOINT WARNING * * *
The ufetubus barely misses you. The quasit bites you.
* * * LOW HITPOINT WARNING * * *
The quasit claws you.
* * * LOW HITPOINT WARNING * * *
The quasit claws you but does no damage.
The quasit attacks as you move away! The quasit misses you.
The quasit closely misses you. x2
There is a stone staircase leading up here.
The quasit bites you but does no damage.
The quasit claws you but does no damage.
The quasit claws you.
* * * LOW HITPOINT WARNING * * *
You climb upwards.
There is a stone staircase leading down here.
The quasit attacks as you move away! The quasit barely misses you. x2
The quasit closely misses you. The quasit bites you.
* * * LOW HITPOINT WARNING * * *
The quasit closely misses you. x2
The quasit attacks as you move away! The quasit barely misses you. x2
The quasit closely misses you.
You are too injured to fight recklessly!
You closely miss the quasit.
The quasit is lightly wounded.
The quasit misses you. The quasit barely misses you. The quasit claws you.
You die... ################### .......>..5@....... ###################

You could see a quasit.

Vanquished Creatures
  An adder (D:2)
  A dart slug (D:1)
  2 bats
  6 endoplasms
  2 giant cockroaches (D:2)
  3 goblins
  3 hobgoblins (D:1)
  2 kobolds (D:1)
  2 quokkas (D:2)
  3 ball pythons
  2 frilled lizards (D:1)
  4 rats
31 creatures vanquished.

Vanquished Creatures (collateral kills)
  A ball python (D:4)
  An endoplasm (D:2)
  A goblin (D:4)
  A bat (D:2)
  A rat (D:1)
5 creatures vanquished.

Vanquished Creatures (others)
  A plant (D:2)
1 creature vanquished.

Grand Total: 37 creatures vanquished

Notes
Turn   | Place    | Note
-------+----------+-------------------------------------------
     0 | D:1      | lucassayen the Vampire Necromancer began the quest for the
                  | Orb.
     0 | D:1      | Reached XP level 1. HP: 13/13 MP: 3/3
   254 | D:1      | Reached XP level 2. HP: 17/20 MP: 1/5
   827 | D:2      | Reached skill level 5 in Necromancy
   832 | D:2      | Gained mutation: You are afflicted with vampirism and can
                  | become a bat while bloodless. [Vampire growth]
   832 | D:2      | Reached XP level 3. HP: 22/25 MP: 2/6
  1385 | D:4      | HP: 1/25 [quasit (1)]
  1392 | D:3      | HP: 1/25 [quasit (1)]
  1394 | D:3      | Slain by a quasit

Illustrated notes

Levels and vault maps discovered:
D:1:      dpeg_arrival_rooms_a, layout_basic, lemuel_flame_loot_1
D:2:      minmay_razor_zed, layout_basic, serial_shops,
          nicolae_shop_just_a_little_nook, serial_bayou_ford_a
D:3:      layout_basic, zin_purify, nicolae_overflow_crystal_walls,
          uniq_jessica, uniq_terence, uniq_natasha
D:4:      layout_cave_pods, kennysheep_mini, lemuel_crystal_altar,
          serial_demonic, serial_demonic_e, serial_demonic_a, serial_demonic_e,
          serial_demonic_e, amethyst_killhole, uniq_menkaure

Skill      XL: |  1  2 |
---------------+-------+-----
Necromancy     | 5 |  5.1
Fighting       | |  0.4
Short Blades   | |  0.2
Axes           | |  0.1
Dodging        | |  2.5
Stealth        | |  3.1
Spellcasting   | |  2.5

Action                     || total
---------------------------++-------
  Melee: Dagger            ||    19
         Unarmed           ||     4
         Bite              ||     4
         Punch             ||     1
         Hand axe          ||    22
   Cast: Necrotise         ||    31
   Stab: Sleeping          ||     2
 Armour: Robe              ||    24
  Dodge: Dodged            ||    71
